 Dungeon Crawl Stone Soup version 0.21-a0-582-g1b93aee (webtiles) character file.

30 tidbits the Digger (level 3, 0/25 HPs)
             Began as a Gnoll Earth Elementalist on Dec 19, 2017.
             Slain by a gnoll (3 damage)
             ... on level 3 of the Dungeon.
             The game lasted 00:02:26 (233 turns).

tidbits the Digger (Gnoll Earth Elementalist)        Turns: 233, Time: 00:02:27

Health: 0/25       AC:  2    Str:  7 (10) XL:     3   Next: 20%
Magic:  6/9        EV: 14    Int: 15 (18) God:
Gold:   56         SH:  0    Dex: 13 (15) Spells: 9/12 levels left

rFire    . . .     SeeInvis .   a - +0 dagger
rCold    . . .     Gourm    .   (no shield)
rNeg     . . .     Faith    .   c - +0 robe
rPois    .         Spirit   .   (no helmet)
rElec    .         Reflect  .   (no cloak)
rCorr    .         Harm     .   (no gloves)
MR       .....                  (no boots)
Stlth    +++.......             (no amulet)
HPRegen  0.08/turn              (no ring)
MPRegen  0.11/turn              (no ring)

@: very slightly contaminated
A: distributed training, fangs 1, strong nose
a: no special abilities


You were on level 3 of the Dungeon.
You were not hungry.

You visited 1 branch of the dungeon, and saw 3 of its levels.

You collected 56 gold pieces.

Inventory:

Hand Weapons
 a - a +0 dagger (weapon)
 i - a +0 blowgun
Missiles
 b - 32 stones (quivered)
 j - 2 poisoned needles
Armour
 c - a +0 robe (worn)
Scrolls
 f - a scroll of amnesia {unknown}
 g - a scroll of magic mapping {unknown}
 k - a scroll of identify {unknown}
Books
 e - a book of Geomancy

   Spells                             Type                      Level
   a - Sandblast                      Earth                        1
   b - Passwall                       Transmutation/Earth          2
   c - Stone Arrow                    Conjuration/Earth            3
   d - Petrify                        Transmutation/Earth          4
   e - Lee's Rapid Deconstruction     Earth                        5
Comestibles
 d - 2 rations


   Skills:
 + Level 0.6 Fighting
 + Level 0.6 Short Blades
 + Level 0.6 Long Blades
 + Level 0.6 Axes
 + Level 0.6 Maces & Flails
 + Level 0.6 Polearms
 + Level 0.6 Staves
 + Level 0.6 Slings
 + Level 0.6 Bows
 + Level 0.6 Crossbows
 + Level 0.6 Throwing
 + Level 0.6 Armour
 + Level 4.5 Dodging
 + Level 4.1 Stealth
 + Level 0.6 Shields
 + Level 0.6 Unarmed Combat
 + Level 5.0 Spellcasting
 + Level 0.4 Conjurations
 + Level 0.4 Hexes
 + Level 0.4 Charms
 + Level 0.4 Summonings
 + Level 0.4 Necromancy
 + Level 0.4 Translocations
 + Level 2.1 Transmutations
 + Level 0.4 Fire Magic
 + Level 0.4 Ice Magic
 + Level 0.4 Air Magic
 + Level 5.4 Earth Magic
 + Level 0.4 Poison Magic
 + Level 0.8 Invocations
 + Level 0.6 Evocations


You had 9 spell levels left.
You knew the following spells:

 Your Spells              Type           Power        Failure   Level  Hunger
a - Sandblast             Erth           ###...       1%          1    None
w - Passwall              Tmut/Erth      ###.......   5%          2    ##.....


Dungeon Overview and Level Annotations

Branches:
Dungeon (3/15)

Altars:
Ashenzari
Wu Jian
Zin


Innate Abilities, Weirdness & Mutations

Your experience applies equally to all skills.
You have very sharp teeth.
Your uncanny sense of smell can sniff out nearby items.


Message History

Aiming: Sandblast
Press: ? - help, Shift-Dir - straight line, f - hobgoblin
Aim: a hobgoblin, wielding a club The blast of sand hits the hobgoblin.
You kill the hobgoblin!
b - 34 stones A goblin comes into view. It is wielding a dagger.
The goblin shouts!
Found a ration.
An adder comes into view.
Found a stone staircase leading down.
An adder comes into view.
A quokka comes into view.
There is a stone staircase leading down here.
The goblin misses you.
You climb downwards.
A kobold comes into view. It is wielding a dagger.
The kobold shouts!
There is a stone staircase leading up here.
Casting: Sandblast
Confirm with . or Enter, or press ? or * to list all spells.
Aiming: Sandblast
Press: ? - help, Shift-Dir - straight line, f - goblin
Aim: a goblin, wielding a dagger The blast of sand hits the goblin.
You kill the goblin!
b - 33 stones The kobold unwields an uncursed dagger.
The kobold wields a blowgun.
The kobold shoots a poisoned needle.
The poisoned needle hits you!
You are poisoned.
You feel sick.
You feel sick.
The kobold shoots a poisoned needle.
The poisoned needle misses you.
Casting: Sandblast
Confirm with . or Enter, or press ? or * to list all spells.
Aiming: Sandblast
Press: ? - help, Shift-Dir - straight line, f - kobold
Aim: a kobold, wielding a blowgun The blast of sand hits the kobold.
You kill the kobold!
b - 32 stones You feel sick.
You feel sick.
You feel sick.
Items here: ( )) † a blowgun; an uncursed dagger; a poisoned needle; a kobold corpse
i - a blowgun;
j - a poisoned needle You feel sick.
You feel sick.
Found a scroll labeled OVUKLI MU JEU.
Things that are here:
a dagger; a goblin corpse You feel sick.
j - 2 poisoned needles (gained 1)
There is a stone staircase leading up here.
You feel sick.
You feel sick.
Found 12 gold pieces.
k - a scroll labeled OVUKLI MU JEU You feel sick.
Found a stone staircase leading up.
Found 13 gold pieces.
You feel sick.
You now have 43 gold pieces (gained 12).
You now have 56 gold pieces (gained 13).
You feel sick.
You are no longer poisoned.
There is a stone staircase leading up here.
You climb upwards.
There is a stone staircase leading down here.
You climb downwards.
There is a stone staircase leading up here.
You open the door. 3 gnolls come into view.
The gnoll shouts! x3
The gnoll hits something but does no damage.
Found two altars.
A gnoll comes into view.
The gnoll misses you.
Found a glowing silver altar of Zin.
There is an open door here.
Casting: Sandblast
Confirm with . or Enter, or press ? or * to list all spells.
Aiming: Sandblast
Press: ? - help, Shift-Dir - straight line, f - gnoll
Aim: a gnoll You miscast Sandblast.
You are very lightly contaminated with residual magic.
Your feet feel warm.
The gnoll hits you!
* * * LOW HITPOINT WARNING * * *
It was a potion of degeneration.
There was something very wrong with that liquid.
You feel weakened.
You feel dopey.
You feel clumsy. The gnoll closely misses you.
Unknown command.
There is a stone staircase leading up here.
The gnoll hits you from afar with a spear.
* * * LOW HITPOINT WARNING * * *
The gnoll hits you.
You die...

# ### #.#..#
#_... ##..gP###
#._.⌠.g.#
##..Pg#.#
#P_...#g#####
##P.##.g@..####
### ###......#
#.#.##.# #.#.#
# #.#.# #.#.# #
#.#.##.# ..
#......#
....######.####


You could see 2 gnolls.

Vanquished Creatures
  An adder (D:2)
  A bat (D:1)
  A giant cockroach (D:1)
  2 goblins
  4 hobgoblins
  4 jackals (D:1)
  A frilled lizard (D:2)
  2 kobolds
  2 rats (D:1)
18 creatures vanquished.

Notes
Turn   | Place    | Note
-------+----------+-------------------------------------------
     0 | D:1      | tidbits the Gnoll Earth Elementalist began the quest for the Orb.
     0 | D:1      | Reached XP level 1. HP: 13/13 MP: 6/6
    11 | D:1      | Reached skill level 2 in Transmutations
    60 | D:1      | Reached XP level 2. HP: 19/19 MP: 4/7
    64 | D:1      | Learned a level 2 spell: Passwall
   168 | D:2      | Reached skill level 5 in Spellcasting
   168 | D:2      | Reached XP level 3. HP: 22/25 MP: 3/9
   225 | D:3      | Found a shattered altar of Ashenzari.
   225 | D:3      | Found an ornate altar of the Wu Jian Council.
   226 | D:3      | Found a glowing silver altar of Zin.
   233 | D:3      | Slain by a gnoll

Vault maps used:
D:1:      dpeg_arrival_tiny_i
D:2:      first_ration, minmay_rat_gold_closets
D:3:      elyvilon_altar_5, gammafunk_temple_overflow_forgotten,
          minmay_splitting_lines, minmay_quantized

Skill      XL: |  1  2 |
---------------+-------+-----
Transmutations | 2 |  2.1
Spellcasting   | 5 |  5.0
Fighting       | |  0.6
Short Blades   | |  0.6
Long Blades    | |  0.6
Axes           | |  0.6
Maces & Flails | |  0.6
Polearms       | |  0.6
Staves         | |  0.6
Slings         | |  0.6
Bows           | |  0.6
Crossbows      | |  0.6
Throwing       | |  0.6
Armour         | |  0.6
Dodging        | |  4.5
Stealth        | |  4.1
Shields        | |  0.6
Unarmed Combat | |  0.6
Conjurations   | |  0.4
Hexes          | |  0.4
Charms         | |  0.4
Summonings     | |  0.4
Necromancy     | |  0.4
Translocations | |  0.4
Fire Magic     | |  0.4
Ice Magic      | |  0.4
Air Magic      | |  0.4
Earth Magic    | |  5.4
Poison Magic   | |  0.4
Invocations    | |  0.8
Evocations     | |  0.6

Action                   || total
-------------------------++-------
Melee: Dagger            ||     4
 Cast: Sandblast         ||    18
       Passwall          ||     1
  Use: Potion            ||     1
 Stab: Sleeping          ||     3
Armor: Robe              ||     1
Dodge: Dodged            ||     5

Table legend:
 A = Spawn XP
 B = Non-spawn XP
 C = Spawn XP percentage of total XP
 D = Spawn monster count
 E = Non-spawn monster count
 F = Spawn count percentage of total count
 G = Total turns spent on level
                    A         B        C        D         E        F      G
               +---------+---------+-------+---------+---------+-------+---------
         Total |       0 |      44 |   0.0 |       0 |      18 |   0.0 |   233
               +---------+---------+-------+---------+---------+-------+---------
           D:1 |       0 |      19 |   0.0 |       0 |      11 |   0.0 |   141
           D:2 |       0 |      21 |   0.0 |       0 |       5 |   0.0 |    45
           D:3 |       0 |       4 |   0.0 |       0 |       2 |   0.0 |    47
               +---------+---------+-------+---------+---------+-------+---------

Table legend:
 A = Turns spent in this place as a percentage of turns spent in the entire game.
 B = Non-inter-level travel turns spent in this place as a percentage of non-inter-level travel turns spent in the entire game.
 C = Inter-level travel turns spent in this place as a percentage of turns spent in this place.
 D = Turns resting spent in this place as a percentage of non-inter-level travel turns spent in this place.
 E = Turns spent auto-exploring this place as a percentage of non-inter-level travel turns spent in this place.
 F = Non-inter-level travel turns spent in this place divided by the number of levels of this place that you've seen.
                   A       B       C       D       E      F
               +-------+-------+-------+-------+-------+----------------------
         Total | 100.0 | 100.0 |   0.0 |   0.0 |   0.0 |  77.7
       Dungeon | 100.0 | 100.0 |   0.0 |   0.0 |   0.0 |  77.7
               +-------+-------+-------+-------+-------+----------------------

Table legend:
 A = Kills in this place as a percentage of kills in entire the game.
 B = Kills by you in this place as a percentage of kills by you in the entire game.
 C = Kills by friends in this place as a percentage of kills by friends in the entire game.
 D = Other kills in this place as a percentage of other kills in the entire game.
 E = Experience gained in this place as a percentage of experience gained in the entire game.
 F = Experience gained in this place divided by the number of levels of this place that you have seen.
                   A       B       C       D       E      F
               +-------+-------+-------+-------+-------+----------------------
         Total | 100.0 | 100.0 |   N/A |   N/A | 100.0 |  14.7
       Dungeon | 100.0 | 100.0 |   N/A |   N/A | 100.0 |  14.7
               +-------+-------+-------+-------+-------+----------------------

Vault maps used:
D:1:      dpeg_arrival_tiny_i
D:2:      first_ration, minmay_rat_gold_closets
D:3:      elyvilon_altar_5, gammafunk_temple_overflow_forgotten,
          minmay_splitting_lines, minmay_quantized
